 Dungeon Crawl Stone Soup version 0.30-a0-154-gb106f4c828 (webtiles) character file.

Game seed: 13735983276023935631

872 Aibolit the Conjurer (level 8, -17/52 HPs)
             Began as a Human Conjurer on Sept 27, 2022.
             Engulfed by a cloud of flame (18 damage)
             ... on level 5 of the Dungeon.
             The game lasted 00:17:33 (6727 turns).

Aibolit the Conjurer (Human Conjurer)               Turns: 6727, Time: 00:17:33

Health: -17/52     AC:  5    Str:  7    XL:     8   Next: 24%
Magic:  0/14       EV: 13    Int: 21    God:
Gold:   221        SH:  0    Dex: 12    Spells: 9/15 levels left

rFire   . . .      SeeInvis .    l - +3 quarterstaff (chaos)
rCold   . . .      Faith    .    (shield currently unavailable)
rNeg    . . .      Spirit   .    a - +0 robe
rPois   .          Reflect  .    i - +0 helmet
rElec   .          Harm     .    m - +0 cloak
rCorr   .          Rampage  .    g - +0 pair of gloves
Will    .....                    (no boots)
Stlth   +++.......               (no amulet)
HPRegen 0.17/turn                (no ring)
MPRegen 0.14/turn                (no ring)

@: no status effects
A: no striking features
a: no special abilities


You were on level 5 of the Dungeon.
You visited 1 branch of the dungeon, and saw 5 of its levels.

You collected 221 gold pieces.

Inventory:

Hand Weapons
 l - a +3 quarterstaff of chaos (weapon)
Armour
 a - a +0 robe (worn)
 g - a +0 pair of gloves (worn)
 i - a +0 helmet (worn)
 m - a +0 cloak (worn)
Wands
 b - a wand of polymorph (6)
Scrolls
 d - 2 scrolls of teleportation
 j - 2 scrolls of silence
 k - a scroll of immolation
 p - a scroll of enchant armour {unknown}
 r - a scroll of acquirement {unknown}
Potions
 c - a potion of might
 e - 2 potions of curing
 f - a potion of brilliance
 n - a potion of flight
 o - a potion of invisibility {unknown}
 q - a potion of haste {unknown}
 s - a potion of resistance {unknown}


   Skills:
 + Level 4.7 Dodging
 + Level 5.1 Stealth
 + Level 4.4 Spellcasting
 + Level 5.9 Conjurations


You had 9 spell levels left.
You knew the following spells:

 Your Spells              Type           Power      Damage    Failure   Level
a - Magic Dart            Conj           100%       1d8       1%          1
b - Searing Ray           Conj           58%        2d6       1%          2
c - Dazzling Flash        Conj/Hex       34%        N/A       11%         3

Your spell library contained the following spells:

 Spells                   Type           Power      Damage    Failure   Level
 Apportation              Tloc           8%         N/A       12%         1
 Necrotise                Necr           16%        1d4       12%         1
 Summon Small Mammal      Summ           16%        N/A       12%         1
 Fulminant Prism          Conj/Hex       8%         3d7       34%         4
 Iskenderun's Mystic Bla  Conj/Tloc      17%        2d5       34%         4


Dungeon Overview and Level Annotations

Branches:
Dungeon (5/15)
 Temple: D:4-7

Altars:
Dithmenos
Ru
Yredelemnul


Message History

Something hits you.
Aiming: Polymorph
Press: ? - help, Q - select action, (/) - cycle Shift-Dir - straight line, f/p - orc wizard
Aim: an orc wizard, wielding a +0 dagger and wearing a +0 robe (severely wounded, will become an adder, a swamp drake, or a dart slug, chance to affect: 49%) Nothing appears to happen.
Something hits you but does no damage. Something hits you.
There are monsters nearby!
There are monsters nearby!
You are too injured to fight recklessly!
Unknown command.
You are too injured to fight recklessly!
You are too injured to fight recklessly!
You are too injured to fight recklessly!
You are too injured to fight recklessly!
You are too injured to fight recklessly!
You are too injured to fight recklessly!
As you read the scroll of immolation, it crumbles to dust.
The creatures around you are filled with an inner flame!
Something hits you.
There are monsters nearby!
You are too injured to fight recklessly!
Unknown command.
Aiming: Searing Ray (safe; 1% risk of failure)
Press: ? - help, Q - select action, (/) - cycle Shift-Dir - straight line, f/p - orc wizard
Aim: an orc wizard, wielding a +0 dagger and wearing a +0 robe (severely wounded, inner flame, 74% to hit)
Okay, then.
Aiming: Searing Ray (safe; 1% risk of failure)
Press: ? - help, Q - select action, (/) - cycle Shift-Dir - straight line, f/p - orc wizard
Aim: an orc wizard, wielding a +0 dagger and wearing a +0 robe (severely wounded, inner flame, 74% to hit)
The searing ray hits the orc wizard! (Press . to maintain the ray.)
The orc wizard explodes!
The fiery explosion engulfs something.
Reactivating autopickup.
You feel a bit more experienced.
The fiery explosion engulfs the orc!!
The orc explodes!
The orc wizard explodes!
The fiery explosion engulfs you!!
* * * LOW HITPOINT WARNING * * *
You are engulfed in blazing flames.
You die...

#.....####.........#.#.#
#..... #.....#
#.......#####..# #.....
#####.# #....####..⌠####
#..... ...
...#....#......# #.....
### .###...##.))...#
#..... ##...#§.§# ##.###
#....#§§§# #.#
#...##§§§## #.#
#...#.§§§@# #.#
#...#.....# #.# #
#...#.....# #.# #
#...#..⌠..# #.#
#...#.....# ######.# #
#...#.....# #...)..# #
#...#.....# #.###### #
#...##...## #.#
#....#...# #.#


There were no monsters in sight!

Vanquished Creatures
  Grinder (D:5)
  Sigmund (D:3)
  An ogre (D:5)
  A phantom (D:5)
  A necrophage (D:4)
  2 hounds (D:5)
  Crazy Yiuf (D:4)
  An iguana (D:4)
  2 orc wizards (D:5)
  6 adders
  A white imp (D:5)
  An ufetubus (D:5)
  A worm (D:4)
  A dart slug (D:1)
  4 orcs (D:5)
  5 ball pythons
  7 bats
  11 endoplasms
  3 giant cockroaches
  9 goblins
  10 hobgoblins
  11 jackals
  8 kobolds
  2 quokkas (D:2)
  2 frilled lizards (D:2)
  10 rats
103 creatures vanquished.

Vanquished Creatures (others)
  2 plants (D:1)
2 creatures vanquished.

Grand Total: 105 creatures vanquished

Notes
Turn   | Place    | Note
-------+----------+-------------------------------------------
     0 | D:1      | Aibolit the Human Conjurer began the quest for the Orb.
     0 | D:1      | Reached XP level 1. HP: 13/13 MP: 3/3
   276 | D:1      | Reached XP level 2. HP: 19/19 MP: 0/5
   279 | D:1      | Learned a level 2 spell: Searing Ray
   422 | D:1      | Found a faded altar of an unknown god.
   977 | D:1      | Reached XP level 3. HP: 24/24 MP: 3/6
  2488 | D:2      | Reached XP level 4. HP: 30/30 MP: 4/7
  2683 | D:2      | Found a sacrificial altar of Ru.
  3194 | D:3      | Found a basalt altar of Yredelemnul.
  3671 | D:3      | Found a runed translucent door.
  3672 | D:3      | Noticed Crazy Yiuf
  3721 | D:4      | Killed Crazy Yiuf
  3722 | D:4      | Reached XP level 5. HP: 18/35 MP: 4/9
  4381 | D:3      | Noticed Sigmund
  4388 | D:3      | Killed Sigmund
  4389 | D:3      | Reached skill level 5 in Conjurations
  4389 | D:3      | Reached XP level 6. HP: 34/41 MP: 2/11
  4655 | D:3      | Learned a level 3 spell: Dazzling Flash
  5446 | D:4      | Reached XP level 7. HP: 32/46 MP: 2/12
  5782 | D:5      | Entered Level 5 of the Dungeon
  6102 | D:5      | Noticed Grinder
  6112 | D:5      | Paralysed by Grinder for 4 turns
  6123 | D:5      | Killed Grinder
  6241 | D:5      | Found a shadowy altar of Dithmenos.
  6318 | D:5      | Reached skill level 5 in Stealth
  6318 | D:5      | Reached XP level 8. HP: 27/52 MP: 7/14
  6727 | D:5      | HP: 1/52 [spore (18)]
  6727 | D:5      | Engulfed by a cloud of flame

Illustrated notes

Levels and vault maps discovered:
D:1:      lightli_arrival_maybe_door_vault, layout_loops_corners,
          shapermc_ecumenical_altar_mp_ritualfount
D:2:      layout_basic, serial_rivers, chequers_serial_rivers_micro_e,
          chequers_serial_rivers_micro_a, chequers_serial_rivers_marsh,
          chequers_serial_rivers_micro_d, chequers_serial_rivers_micro_b,
          basic_altar, minivault_11
D:3:      layout_basic, mainiacjoe_overflow_concentric_impassable,
          uniq_crazy_yiuf_cottage, uniq_sigmund
D:4:      layout_cave_pools
D:5:      kennysheep_spiral_hall, layout_loops_ring, mainiacjoe_overflow_paths,
          serial_shops, nicolae_shop_bloodbath_and_beyond,
          kennysheep_generic_room_3, uniq_menkaure, uniq_grinder

Skill      XL: |  1  2  3  4  5  6  7 |
---------------+----------------------+-----
Stealth        | 3 4 5 |  5.1
Dodging        | 3 4 |  4.7
Spellcasting   | 3 4 |  4.4
Conjurations   | 5 |  5.9

Action                   |  1- 3 |  4- 6 |  7- 9 || total
-------------------------+-------+-------+-------++-------
Melee: Unarmed           |     3 |       |       ||     3
       Demon trident     |     7 |     4 |       ||    11
       Quarterstaff      |       |     1 |     4 ||     5
 Cast: Magic Dart        |    10 |       |       ||    10
       Searing Ray       |    41 |    48 |    25 ||   114
       Dazzling Flash    |       |     1 |     2 ||     3
Evoke: Wand              |       |       |     1 ||     1
  Use: Potion            |       |     5 |       ||     5
       Scroll            |       |     1 |     6 ||     7
Armor: Robe              |     5 |     8 |     8 ||    21
Dodge: Dodged            |     9 |    26 |    28 ||    63

Table legend: (Time is in decaauts)
 A = Elapsed time spent in this place.
 B = Non-inter-level travel time spent in this place.
 C = Inter-level travel time spent in this place.
 D = Time resting spent in this place.
 E = Time spent auto-exploring this place.
 F = Levels seen in this place.
 G = Mean time per level.
                   A        B        C        D        E       F      G
               +--------+--------+--------+--------+--------+-----+--------+
         Total |   6721 |   6297 |    424 |   1432 |   4190 |   5 | 1344.2 |
       Dungeon |   6721 |   6297 |    424 |   1432 |   4190 |   5 | 1344.2 |
               +--------+--------+--------+--------+--------+-----+--------+

Top non-repeatable levels by time:
     D:1: 1764 daAuts
     D:3: 1574 daAuts
     D:2: 1500 daAuts
     D:5: 946 daAuts
     D:4: 935 daAuts
